 Dungeon Crawl Stone Soup version 0.32-a0-422-g28b100f618 (webtiles) character file.

Game seed: 1856112783969226247

991 Dittersdorf the Trooper (level 8, -6/51 HPs)
             Began as a Gargoyle Fighter on Feb 21, 2024.
             Killed by divine providence
             ... invoked by an orc priest
              (14 damage)
             ... on level 9 of the Dungeon.
             The game lasted 00:06:27 (5157 turns).

Dittersdorf the Trooper (Gargoyle Fighter)          Turns: 5157, Time: 00:06:27

Health: -6/51      AC: 17    Str: 23    XL:     8   Next: 18%
Magic:  0/8        EV:  8    Int:  8    God:
Gold:   390        SH:  5    Dex:  9    Spells: 7/7 levels left

rFire   + . .        z - +0 flail (drain)
rCold   . . .        c - +0 buckler
rNeg    + . .        p - +0 chain mail
rPois   ∞            (no helmet)
rElec   +            (no cloak)
rCorr   .            (no gloves)
SInv    .            j - +0 pair of boots
Will    .....        l - amulet of guardian spirit Stlth
                     s - ring of protection from fire
HPRegen 0.28/turn    (no ring)
MPRegen 0.11/turn

%: guardian spirit
@: no status effects
A: sickness immunity, AC +5, negative energy resistance 1, electricity
resistance, torment resistance 1, petrification resistance
a: Convert to Beogh


You were on level 9 of the Dungeon.
You visited 2 branches of the dungeon, and saw 8 of its levels.

You collected 390 gold pieces.

Inventory:

Hand Weapons
 a - a +1 morningstar
 z - a +0 flail of draining (weapon)
Missiles
 x - a throwing net
Armour
 c - a +0 buckler (worn)
 j - a +0 pair of boots (worn)
 m - a +1 plate armour
 p - a +0 chain mail (worn)
Jewellery
 l - an amulet of guardian spirit (around neck)
 s - a ring of protection from fire (left hand)
Wands
 y - a wand of iceblast (7) (quivered)
Scrolls
 h - a scroll of fog
 k - a scroll of enchant weapon
Potions
 b - a potion of lignification {unknown}
 d - a potion of might
 e - 3 potions of brilliance {unknown}
 g - a potion of resistance {unknown}
 n - a potion of curing
 t - 2 potions of enlightenment
 u - a potion of cancellation


   Skills:
 + Level 6.0 Fighting
 + Level 4.9 Maces & Flails
 + Level 5.9 Armour
 + Level 6.0 Shields


You had 7 spell levels left.
You didn't know any spells.
Your spell library contained the following spells:

 Spells                   Type           Power      Damage    Failure   Level
 Sandblast                Erth           0%         2d4       95%         1
 Inner Flame              Hex/Fire       0%         N/A       100%        3
 Passwall                 Erth           0%         N/A       100%        3
 Stone Arrow              Conj/Erth      0%         3d7       100%        3
 Brom's Barrelling Bould  Conj/Erth      0%         2d3       100%        4
 Irradiate                Conj/Alch      0%         3d11      100%        5
 Sculpt Simulacrum        Ice/Alch       0%         N/A       100%        6
 Ozocubu's Refrigeration  Ice            0%         4d7       100%        7
 Ignition                 Fire           0%         3d3       100%        8
 Polar Vortex             Ice            0%         N/A       100%        9


Dungeon Overview and Level Annotations

Branches:
Dungeon (6/15)             Temple (1/1) D:4

Altars:
Ashenzari
Cheibriados
Elyvilon
Fedhas
Hepliaklqana
Kikubaaqudgha
Makhleb
Nemelex Xobeh
Okawaru
Qazlal
Ru
Sif Muna
Trog
Uskayaw
Vehumet
Wu Jian
Yredelemnul
Zin
The Shining One

Shops:
D:1 =


Innate Abilities, Weirdness & Mutations

You are immune to sickness and miasma.
Your stone body is resilient. (AC +5)
You are immune to poison.
You resist negative energy. (rN+)
You are resistant to electric shocks. (rElec)
You are resistant to unholy torment.
You are immune to petrification.


Message History

The wraith misses you.
You see here a scroll labelled VAN BUGGYU.
f - a scroll labelled VAN BUGGYU The wraith barely misses you.
You block the orc priest's attack.
The orc priest attacks as it pursues you!
You block the orc priest's attack. The wraith attacks as it pursues you!
You block the wraith's attack.
The orc priest shouts, "Beogh offers mercy even to people such as you.
Join us and be reborn!"
As you read the scroll labelled VAN BUGGYU, it crumbles to dust.
It is a scroll of enchant armour.
Your +0 plate armour glows green for a moment.
You block the wraith's attack.
The wight hits you with a +1 great sword of electrocution!
The orc priest invokes the aid of Beogh against you.
Beogh smites you! The wight attacks as it pursues you!
The wight hits you but does no damage. The wight attacks as it pursues you!
The wight hits you but does no damage. The wraith attacks as it pursues you!
The wraith hits you!
* * * LOW HITPOINT WARNING * * *
The wraith attacks as it pursues you! The wraith closely misses you.
A troll comes into view.
The wraith is sucked into a shaft!
The shaft crumbles and collapses.
The orc priest casts a cantrip, but nothing happens.
The troll barely misses you. The troll claws you.
* * * LOW HITPOINT WARNING * * *
The troll barely misses you.
The orc priest mumbles some strange prayers to Beogh against you.
Beogh smites you!
* * * LOW HITPOINT WARNING * * *
The wight attacks as it pursues you! The wight hits you but does no damage.
There is a shaft here.
The orc falls through a shaft!
The shaft crumbles and collapses.
The troll falls through a shaft!
The shaft crumbles and collapses.
The orc warrior falls through a shaft!
The shaft crumbles and collapses.
The wight attacks as it pursues you! The wight hits you but does no damage.
A kobold comes into view. It is wielding a +0 dagger.
The kobold shouts!
You hear a shout!
The orc priest invokes the aid of Beogh against you.
Beogh smites you!
You die...

#..........#
#..........#
##..........#
######...........#######
.........^..............
.........°^o............
........^....o°.......##
......^..z.....^......#
###...@.^.^......##o.#
#.......^^^.^.....##..#
#.....^......^....##..#
#......^..........##..#
######^.........#.##..#
.................#
..###....##......o## K.
.....#........#
#...:....#


You could see a wight, an orc priest, an orc and a kobold.

Vanquished Creatures
  2 ogres
  A gnoll sergeant (D:6)
  A scorpion (D:4)
  A bombardier beetle (D:5)
  2 hounds
  4 iguanas
  3 sleepcaps
  Ijyb (D:3)
  2 orc wizards
  11 gnolls
  5 adders
  A white imp (D:5)
  3 ufetubi (D:6)
  2 dart slugs
  4 ribbon worms
  10 orcs
  2 ball pythons
  5 bats
  3 endoplasms (D:1)
  2 giant cockroaches
  2 hobgoblins (D:1)
  4 jackals (D:2)
  8 kobolds
  3 quokkas
  12 frilled lizards
  7 goblins
  8 rats
109 creatures vanquished.

Notes
Turn   | Place    | Note
-------+----------+-------------------------------------------
     0 | D:1      | Dittersdorf the Gargoyle Fighter began the quest for the
                  | Orb.
     0 | D:1      | Reached XP level 1. HP: 14/14 MP: 1/1
    15 | D:1      | Reached XP level 2. HP: 19/19 MP: 2/2
   135 | D:1      | Reached XP level 3. HP: 4/24 MP: 3/3
   244 | D:1      | Found Deha's Jewellery Shoppe.
   408 | D:1      | Reached XP level 4. HP: 20/29 MP: 4/4
   790 | D:2      | Found a faded altar of an unknown god.
  1437 | D:2      | Reached XP level 5. HP: 25/33 MP: 2/5
  1555 | D:3      | Noticed Ijyb
  1696 | D:3      | Killed Ijyb
  2581 | D:4      | Reached XP level 6. HP: 39/39 MP: 4/6
  3111 | D:4      | Found a staircase to the Ecumenical Temple.
  3121 | Temple   | Entered the Ecumenical Temple
  3209 | D:5      | Entered Level 5 of the Dungeon
  3236 | D:5      | Reached skill level 5 in Fighting
  3276 | D:5      | Reached skill level 5 in Armour
  3276 | D:5      | Reached skill level 5 in Shields
  3319 | D:5      | Reached XP level 7. HP: 36/44 MP: 5/7
  4875 | D:6      | Reached XP level 8. HP: 14/51 MP: 3/8
  5097 | D:6      | You fall into a shaft and drop 3 floors!
  5131 | D:9      | Noticed a wraith
  5149 | D:9      | Noticed a troll
  5157 | D:9      | Killed from afar by an orc priest

Illustrated notes

Levels and vault maps discovered:
D:1:      giann_bridges, layout_rooms, serial_shops,
          nicolae_shop_getting_attention, minmay_lizard_king
D:2:      layout_rooms, nicolae_ecumenical_lake_church
D:3:      layout_basic, st_stairs_8, uniq_ijyb
D:4:      layout_loops_ring, temple_statues
D:5:      layout_basic, hangedman_decor_slide_cut
D:6:      layout_cave_pods, nicolae_ossuary_entry_catacombs,
          kennysheep_flooded_box, kennysheep_generic_room_2
D:9:      layout_irregular_city, erik_orc_4, minmay_holes
Temple:   compressed_dpeg_triangle_lava_temple

Skill      XL: |  1  2  3  4  5  6  7  8 |
---------------+-------------------------+-----
Fighting       | 4 5 6 |  6.0
Shields        | 4 5 6 |  6.0
Armour         | 4 5 |  5.9
Maces & Flails | 3 4 |  4.9

Action                     |  1- 3 |  4- 6 |  7- 9 || total
---------------------------+-------+-------+-------++-------
  Melee: Flail             |   104 |   228 |   126 ||   458
         Unarmed           |       |    10 |       ||    10
    Use: Scroll            |       |       |    13 ||    13
 Armour: Scale mail        |    77 |   127 |       ||   204
         Chain mail        |       |   115 |   222 ||   337
         Skin              |       |    19 |       ||    19
  Dodge: Dodged            |    58 |   162 |   135 ||   355
  Block: Buckler           |    20 |    70 |    66 ||   156

Table legend: (Time is in decaauts)
 A = Elapsed time spent in this place.
 B = Non-inter-level travel time spent in this place.
 C = Inter-level travel time spent in this place.
 D = Time resting spent in this place.
 E = Time spent auto-exploring this place.
 F = Levels seen in this place.
 G = Mean time per level.
                   A        B        C        D        E       F      G
               +--------+--------+--------+--------+--------+-----+--------+
         Total |   5277 |   4930 |    347 |    433 |   3207 |   8 |  659.6 |
       Dungeon |   5275 |   4928 |    347 |    433 |   3207 |   7 |  753.6 |
        Temple |      1 |      1 |      0 |      0 |      0 |   1 |    1.0 |
               +--------+--------+--------+--------+--------+-----+--------+

Top non-repeatable levels by time:
     D:5: 1434 daAuts
     D:4: 988 daAuts
     D:3: 936 daAuts
     D:2: 921 daAuts
     D:1: 673 daAuts
     D:6: 260 daAuts
     D:9: 60 daAuts
  Temple: 1 daAuts
